 Dungeon Crawl Stone Soup version 0.10.0-14-ga75c42d character file.

1827476 Porter the Infernalist (level 27, 109/129 (130) HPs)
             Began as a Kobold Fire Elementalist on Feb 26, 2012.
             Was the Champion of Vehumet.
             Escaped with the Orb
             ... and 4 runes on Mar 3, 2012!
             The game lasted 22:08:22 (135453 turns).

Porter the Infernalist (Kobold Fire Elementalist) Turns: 135453, Time: 22:08:22

HP 109/129 (130) AC 16     Str 14      XL: 27
MP   3/49        EV 38     Int 26      God: Vehumet [******]
Gold 3594        SH  0     Dex 19      Spells: 19 memorised,  4 levels left

Res.Fire  : + + .   See Invis. : +   a - staff of fire
Res.Cold  : + . .   Warding    : . . Y - +5 robe of Wuitad {rC++ Acc-4}
Life Prot.: . . .   Conserve   : .   (no shield)
Res.Acid. : . . .   Res.Corr.  : .   e - +2 helmet {SInv}
Res.Poison: +       Clarity    : +   t - +3 cloak of Flash {+Lev EV+4}
Res.Elec. : +       Spirit.Shd : .   g - +2 pair of gauntlets {Str+3}
Sust.Abil.: . .     Stasis     : .   (no boots)
Res.Mut.  : .       Ctrl.Telep.: x   p - amulet of Cuwac {Clar +Blink +Inv rElec St Res.Rott. : . Levitation : . L - ring of Noschyfu {rPois Dex+3 Int+5} Saprovore : + + . Ctrl.Flight: . P - ring of fire

@: very slightly contaminated, quick, quite resistant to hostile enchantments,
very unstealthy
A: disease resistance, berserk 1, carnivore 3, deformed body, sense surroundings
1, saprovore 2, screaming 3, teleport control, EV +2, Dex -1
a: Renounce Religion, Evoke Blink, Evoke Invisibility, Evoke Levitation
}: 4/15 runes: decaying, serpentine, silver, icy


You escaped.
You worshipped Vehumet.
Vehumet was exalted by your worship.
You were not hungry.

You visited 14 branches of the dungeon, and saw 83 of its levels.
You visited the Abyss 3 times.
You visited 1 Labyrinth.
You visited 2 bazaars.
You visited 1 Ziggurat, and saw 15 of its levels.
You visited 3 portal chambers: volcano, trove, wizlab.

You collected 9967 gold pieces.
You spent 2563 gold pieces at shops.
You used 3830 gold pieces for miscellaneous purposes.

Inventory:

Hand weapons
 K - the +6,+1 short sword of the Eternal Warrior {freeze, Int+2}
   (You found it on level 3 of the Elven Halls)

   It has been specially enchanted to freeze those struck by it, causing extra
   injury to most foes and up to double damage against particularly susceptible
   opponents.
   It can also slow down cold-blooded creatures.
   It affects your intelligence (+2).
Armour
 e - a +2 helmet of see invisible (worn)
 g - a +2 pair of gauntlets of strength (worn)
 t - the +3 cloak of Flash (worn) {+Lev EV+4}
   (You acquired it on level 15 of the Dungeon)

   It affects your evasion (+4).
   It lets you levitate.
 u - a +2 pair of boots of stealth
 z - a +2 helmet of intelligence
 Y - the +5 robe of Wuitad (worn) {rC++ Acc-4}
   (You bought it in a shop on level 8 of the Vaults)

   It affects your accuracy (-4).
   It greatly protects you from cold.
Magical devices
 q - a wand of cold (6)
 H - a wand of hasting (6)
 I - a wand of teleportation (9)
 S - a wand of invisibility (8)
 T - a wand of digging (4)
Comestibles
 w - 6 meat rations
 x - 3 royal jellies
Scrolls
 c - a scroll of identify
 d - a scroll of enchant weapon II
 f - a scroll of enchant weapon I
 h - 6 scrolls of fog
 i - 2 scrolls of detect curse
 s - 4 scrolls of teleportation
 v - a scroll of holy word
 y - a scroll of remove curse
 N - a scroll of fear
Jewellery
 m - the amulet "Iczo" {Clar rN+}
   (You found it on level 7 of the Lair of Beasts)

   [amulet of clarity]

   It protects you from negative energy.
 p - the amulet of Cuwac (around neck) {Clar +Blink +Inv rElec Stlth-}
   (You found it on level 5 of the Elven Halls)

   [amulet of clarity]

   It insulates you from electricity.
   It lets you turn invisible.
   It lets you blink.
   It makes you less stealthy.
 A - the ring "Ynuvuo Ziont" {rElec rC+ rN+ Str+2}
   (You found it on level 6 of a ziggurat)

   [ring of protection from cold]

   It affects your strength (+2).
   It insulates you from electricity.
   It protects you from negative energy.
 J - the ring of Oqom {rElec rC+ rN+ Str+5}
   (You found it on level 11 of a ziggurat)

   [ring of strength]

   It affects your strength (+5).
   It protects you from cold.
   It insulates you from electricity.
   It protects you from negative energy.
 L - the ring of Noschyfu (right hand) {rPois Dex+3 Int+5}
   (You found it on level 5 of the Elven Halls)

   [ring of poison resistance]

   It affects your intelligence (+5).
   It affects your dexterity (+3).
 O - an uncursed amulet of conservation
 P - a ring of fire (left hand)
 R - the ring "Thrucogaub" {cTele +Blink rN+ SInv}
   (You found it on level 27 of the Dungeon)

   [ring of teleport control]

   It protects you from negative energy.
   It enhances your eyesight.
   It lets you blink.
 W - an uncursed amulet of resist mutation
Potions
 k - 7 potions of curing
 l - a potion of invisibility
 o - a potion of cure mutation
 r - a potion of berserk rage
 B - 3 potions of restore abilities
 C - a potion of resistance
 D - 3 potions of heal wounds
 E - 3 potions of brilliance
Magical staves
 a - a staff of fire (weapon)
 b - a staff of channeling
Orbs of Power
 j - the Orb of Zot
Miscellaneous
 V - a crystal ball of energy


   Skills:
 - Level 2,3 Fighting
 + Level 6,2 Short Blades
 - Level 0,1 Long Blades
 + Level 13,3 Staves
 - Level 6,7 Crossbows
 - Level 1,3 Throwing
 + Level 2,2 Armour
 * Level 20,4 Dodging
 - Level 5,8 Stealth
 - Level 1,1 Stabbing
 - Level 1,1 Traps & Doors
 O Level 27 Spellcasting
 - Level 20,6 Conjurations
 - Level 5,0 Hexes
 - Level 8,0 Charms
 - Level 5,3 Summonings
 - Level 4,0 Necromancy
 + Level 4,7 Translocations
 - Level 4,2 Transmutations
 O Level 27 Fire Magic
 - Level 8,2 Air Magic
 - Level 2,0 Poison Magic
 O Level 27 Evocations


You had 4 spell levels left.
You knew the following spells:

 Your Spells              Type           Power        Failure   Level  Hunger
a - Iskenderun's Mystic   Conj           ########.    0%          4    None
b - Alistair's Intoxicat  Pois/Trmt      #######..    2%          4    None
c - Mass Abjuration       Summ           #######...   4%          6    None
d - Control Undead        Necr           #######...   1%          4    None
e - Fireball              Fire/Conj      ##########   0%          5    None
f - Ring of Flames        Fire/Chrm      #########.   1%          7    None
g - Mephitic Cloud        Pois/Air/Conj  #######..    1%          3    None
h - Blink                 Tloc           N/A          1%          2    None
i - Summon Butterflies    Summ           #######..    1%          1    None
j - Apportation           Tloc           #######...   1%          1    None
k - Orb of Destruction    Conj           ########..   1%          7    None
l - Call Imp              Summ           #######...   1%          2    None
m - Swiftness             Air/Chrm       #######...   1%          2    None
n - Repel Missiles        Air/Chrm       #######...   1%          2    None
o - Demonic Horde         Summ           #######...   4%          6    None
p - Sublimation of Blood  Necr           #######...   1%          2    None
q - Fire Storm            Fire/Conj      ##########   3%          9    Honeycomb
r - Passwall              Erth/Trmt      ######....   1%          3    None
s - Deflect Missiles      Air/Chrm       #######...   6%          6    None


Dungeon Overview and Level Annotations

Branches:
Dungeon (27/27)            Temple (1/1) D:7             Orc (4/4) D:8
    Elf (5/5) Orc:3          Lair (8/8) D:10          Swamp (5/5) Lair:5
  Slime (0/6) Lair:8        Snake (5/5) Lair:5        Vault (8/8) D:17
  Blade (0/1) Vault:4       Crypt (5/5) Vault:3        Tomb (1/3) Crypt:2
   Hell (1/1)                 Dis (1/7) Hell            Coc (7/7) Hell
    Tar (0/7) Hell            Zot (5/5) D:27
    Geh: Hell:1

Altars:
Ashenzari
Cheibriados
Elyvilon
Fedhas
Kikubaaqudgha
Makhleb
Nemelex Xobeh
Okawaru
Sif Muna
The Shining One
Trog
Vehumet
Xom
Yredelemnul
Zin
Jiyva

Shops:
D:5: [ D:6: [ D:7: % D:8: + D:24: * Orc:4: (=[* Snake:1: (+*!( Vault:8: ![

Portals:
Hell: D:21 D:22 D:23 D:24 D:25 D:26 D:27
Abyss: D:22 D:24 D:25 D:27
Pan: D:24

Annotations
Swamp:2 exclusion: Roxanne, Roxanne
Crypt:4 1 exclusion


Innate Abilities, Weirdness & Mutations

You recuperate from illness quickly.
You are small and have problems with some larger weapons.
You are carnivorous and can eat meat at any time.
You can eat rotten meat.
You are surrounded by a mild repulsion field (EV +2).
You tend to lose your temper in combat.
You are clumsy (Dex -1).
Armour fits poorly on your strangely shaped body.
You passively map a small area around you.
You frequently scream uncontrollably.
You can control translocations.


Message History

The fireball engulfs the large abomination.
The large abomination is heavily damaged.
Casting: Fireball
Confirm with . or Enter, or press ? or * to list all spells.
Aiming: Fireball
Press: ? - help, Shift-Dir - straight line, p - large abomination You feel a strong surge of power!
The fireball explodes!
The fireball engulfs the large abomination.
You destroy the large abomination!
Vehumet accepts your kill.
You feel your power returning.
Evoke which item? (* to show all) (? for menu, Esc to quit)
You gaze into the crystal ball.
You feel your power drain away!
Your deflect missiles spell is about to expire...
You open the door.
There is an open door here.
You feel less protected from missiles.
There is a staircase leading out of the dungeon here.
Are you sure you want to win?
You have escaped!

##.#####.#######'#..####.#
#.# #.# #.# #.##.# #.# #.#
##.# #)# #.##.####.####.###
.#.### #.#
#.##.............#
..)..###.###
##.##..###.####..%#
...........# ##...##.....##
#...#
.....##..#####..⌠..#####..#
#...#
##.####.#####.......#####.#
##### ##.#
#.'.....⌠.@.⌠.....+.# .#.#
#.#####.......#####.# .#.#
#..# ##..⌠..#####..#######
.#.# ##.#
##...##..(.......... .#.#
#.# ##.##.(#.########..
.#.# #.# #.##.##.# #[.
.#.#####.# #.##.##)# #..
.........# #.##.##.# #..
##.####### ###+#..##.# #..


There were no monsters in sight!

Vanquished Creatures
  Khufu (Crypt:4)
  8 orbs of fire
  5 ancient liches
  2 greater mummies (Crypt:4)
  Saint Roka (Vault:6)
  Boris (D:23)
  3 curse toes
  Norris (Snake:2)
  3 Killer Klowns
  Mara (Swamp:3)
  Margery (Vault:4)
  Mennas (D:23)
  9 golden dragons
  An illusory Mara (Swamp:3)
  7 electric golems
  Frederick (Snake:5)
  A Brimstone Fiend (Dis:1)
  Nikola (Vault:1)
  2 Pit Fiends
  16 Orb Guardians (Zot:5)
  6 deep elf blademasters (Elf:5)
  8 shadow dragons
  5 liches
  A quicksilver dragon (Vault:8)
  An acid blob (D:22)
  4 ghost moths
  2 titans (Vault:8)
  2 sphinxes
  Kirke (Snake:3)
  12 storm dragons
  A ghost moth (shapeshifter) (Vault:8)
  Rupert (Snake:4)
  Agnes (D:15)
  Frances (Snake:4)
  23 Ice Fiends
  9 draconian monks
  Aizul (Vault:1)
  7 frost giants
  Donald (Crypt:3)
  14 bone dragons
  2 ghouls (Port)
  6 draconian knights
  16 draconian scorchers
  Louise (Snake:3)
  15 draconian zealots
  2 orc warlords
  21 tentacled monstrosities
  Gastronok (Elf:1)
  19 draconian shifters
  43 stone giants
  2 azure jellies (D:22)
  A quicksilver dragon skeleton (Abyss)
  17 draconian annihilators
  4 grey draconians
  3 fire giants
  12 draconian callers
  7 green draconians
  3 curse skulls
  A cacodemon (Coc:3)
  5 greater nagas
  9 yellow draconians
  4 black draconians
  Jozef (Elf:1)
  10 deep elf annihilators
  4 pale draconians (Zot:2)
  5 deep elf death magi (Elf:5)
  A Green Death (Abyss)
  5 mottled draconians
  9 red draconians
  Azrael (D:14)
  8 white draconians
  7 purple draconians
  7 deep elf master archers
  8 deep elf sorcerers
  8 reapers
  7 anacondas
  An anaconda (shapeshifter) (Vault:8)
  A storm dragon zombie (Abyss)
  2 vampire knights
  A great orb of eyes (Vault:1)
  2 blizzard demons (Coc:7)
  A minotaur (Lab)
  4 dire elephants (Lair:8)
  8 spriggan air magi
  10 dragons
  A titan skeleton (D:27)
  51 yaktaur captains
  14 ettins
  2 dragons (shapeshifter)
  2 mummy priests (Port)
  A siren (Port)
  24 vault guards (Vault:8)
  10 death cobs
  3 storm dragon skeletons
  2 golden dragon zombies
  32 hydras
  An anaconda zombie (Crypt:2)
  An ice dragon (shapeshifter) (Vault:1)
  Erica (Lair:1)
  Josephine (Elf:1)
  3 lorocyprocas
  2 death oozes (D:22)
  14 ice dragons
  6 death yaks
  2 hydras (shapeshifter)
  7 alligators
  2 deep elf demonologists (Crypt:2)
  Nessos (Elf:4)
  14 ogre magi
  3 spriggan berserkers (Port)
  3 spriggan druids (Port)
  A death yak (shapeshifter) (Vault:8)
  A kraken simulacrum (Coc:6)
  A stone giant zombie (Vault:5)
  2 rakshasas (Vault:6)
  A merfolk impaler (Port)
  2 frost giant zombies
  A draconian zombie (Crypt:2)
  2 very ugly things
  30 deep trolls
  6 orc high priests
  7 sun demons
  A sphinx skeleton (Vault:3)
  2 iron dragon zombies
  3 catoblepae (Port)
  2 shadow dragon skeletons
  2 fire giant skeletons
  A deep elf high priest (Elf:5)
  9 dancing weapons (Port)
  2 iron dragon skeletons (Crypt:2)
  7 shadow wraiths
  2 iron golems
  19 centaur warriors
  2 frost giant skeletons (Vault:5)
  4 death drakes
  14 stone giant skeletons
  A vapour (Port)
  14 ice devils
  116 skeletal warriors
  2 emperor scorpions (shapeshifter) (Vault:8)
  3 iron trolls
  16 hell knights
  14 soul eaters
  21 deep elf knights
  5 flayed ghosts
  A sea snake (shapeshifter) (Vault:8)
  An elephant slug zombie (Crypt:4)
  A grey draconian zombie (Abyss)
  A mottled draconian zombie (Coc:4)
  A sea snake zombie (Abyss)
  A giant orange brain (Abyss)
  A giant amoeba (shapeshifter) (Vault:8)
  14 naga warriors
  4 swamp dragons
  7 unseen horrors
  4 ice statues
  2 iron troll zombies
  9 harpies
  29 orc knights
  A harpy zombie (Vault:3)
  2 giant amoebae
  7 orc sorcerers
  A yellow draconian skeleton (Coc:3)
  A sea snake (Port)
  11 large abominations
  2 purple draconian skeletons
  4 flaming corpses
  A white draconian skeleton (Port)
  20 hill giants
  5 red wasps
  2 death yak skeletons
  Pikel (D:6)
  Joseph (D:9)
  A guardian serpent (shapeshifter) (D:16)
  A hill giant (shapeshifter) (Vault:8)
  Urug (D:10)
  A hellion (D:13)
  9 human zombies
  A sea snake skeleton (Coc:1)
  A wizard (D:15)
  A pale draconian skeleton (Coc:4)
  A red draconian skeleton (Port)
  A spiny worm (shapeshifter) (Vault:8)
  2 iron troll skeletons
  12 necromancers
  A crystal golem (D:24)
  A vampire mage (Crypt:5)
  A siren zombie (Crypt:3)
  8 statues (Elf:3)
  5 phantasmal warriors
  The ghost of ssance the Magician, an experienced DsSt of Sif Muna (D:7)
  A golden dragon simulacrum (Crypt:4)
  A shining eye (Abyss)
  2 hydra skeletons
  A red wasp (shapeshifter) (Vault:8)
  6 spiny worms
  An oklob plant (Lair:1)
  A death drake zombie (Crypt:4)
  A deep dwarf berserker (Abyss)
  12 cyclopes
  4 sixfirhies
  3 wolf spiders
  7 griffons
  12 ice dragon zombies
  A red wasp zombie (D:14)
  Maurice (Orc:1)
  An eye of devastation (D:15)
  3 hell beasts
  A minotaur skeleton (Crypt:1)
  24 moths of wrath
  A shining eye (shapeshifter) (Vault:8)
  3 dragon zombies
  2 griffon zombies
  A wolf spider zombie (D:9)
  8 feature mimics
  5 tormentors
  67 slime creatures
  A spiny worm zombie (D:27)
  36 black mambas
  3 ettin zombies
  An elephant (shapeshifter) (Vault:8)
  A trapdoor spider (D:12)
  A stone giant simulacrum (Crypt:5)
  A yaktaur (shapeshifter) (D:27)
  3 griffon skeletons
  9 orange demons
  9 spiny frogs
  7 ettin skeletons
  13 rock trolls
  A rock troll (shapeshifter) (D:23)
  3 dragon skeletons
  22 naga magi
  10 elephants
  2 humans (shapeshifter)
  A spriggan zombie (Crypt:3)
  4 hill giant zombies
  45 yaktaurs
  A black mamba skeleton (Coc:1)
  A mermaid (shapeshifter) (D:18)
  7 hellwings
  15 ice dragon skeletons
  A draconian (shapeshifter) (Vault:5)
  18 guardian mummies
  3 silent spectres
  A giant firefly zombie (Crypt:3)
  2 grey draconian simulacra
  2 efreeti (Port)
  A mermaid (Port)
  2 hill giant skeletons
  A queen bee (D:14)
  5 spriggans (Port)
  A harpy simulacrum (Vault:3)
  An agate snail zombie (Crypt:4)
  3 iron devils
  13 trolls
  Sonja (D:12)
  A red draconian simulacrum (Port)
  A white draconian simulacrum (Port)
  A deep dwarf necromancer (Abyss)
  A rock troll zombie (D:15)
  119 ugly things
  A polar bear (shapeshifter) (Vault:8)
  11 smoke demons
  6 komodo dragons
  A spiny frog zombie (Crypt:5)
  A deep dwarf artificer (Abyss)
  3 polar bears
  A komodo dragon (shapeshifter) (Vault:8)
  2 wandering mushrooms (Zot:3)
  2 snapping turtles (shapeshifter) (Vault:8)
  9 baby alligators
  A two-headed ogre (shapeshifter) (D:21)
  4 brown oozes (D:22)
  9 two-headed ogres
  6 bog mummies
  3 redbacks
  An air elemental (Abyss)
  8 basilisks
  17 blink frogs
  3 giant fireflies (Port)
  4 rock troll skeletons
  2 redback zombies
  3 bumblebees (D:25)
  A spiny frog skeleton (Crypt:2)
  5 hairy devils
  A snapping turtle skeleton (Elf:1)
  An elephant zombie (Crypt:3)
  A swamp dragon zombie (Crypt:2)
  3 baby alligator skeletons
  15 ynoxinuls
  2 blink frog zombies
  24 blue devils
  2 wyverns
  6 hogs (Snake:3)
  2 blink frog skeletons (D:27)
  A rotting hulk (Crypt:4)
  9 vampires
  10 deep elf conjurers
  A fire crab zombie (D:15)
  16 wraiths
  2 merfolk skeletons
  3 fire elementals (D:14)
  2 hog zombies (Crypt:3)
  A merfolk (shapeshifter) (Vault:8)
  Eustachio (D:7)
  A human (Crypt:2)
  A swamp dragon skeleton (Crypt:1)
  8 metal gargoyles
  4 manticores
  A chaos spawn (Abyss)
  7 item mimics
  25 deep elf fighters
  44 vampire mosquitoes
  8 merfolk (Port)
  A soldier ant (D:13)
  The ghost of hihot the Covert, an average SpAs (D:6)
  2 yaktaur zombies
  6 deep elf summoners
  9 hippogriffs
  2 komodo dragon zombies
  6 water elementals
  A giant slug zombie (Crypt:1)
  10 war dogs
  A hog skeleton (D:27)
  3 mottled dragons
  5 fire vortices
  9 hungry ghosts
  64 yaks
  A wyvern zombie (D:9)
  13 freezing wraiths
  A manticore (shapeshifter) (D:26)
  A yaktaur skeleton (Crypt:4)
  52 swamp worms
  11 hell hounds
  3 orange crystal statues
  16 necrophages
  4 cyclops zombies
  28 ice beasts
  A mermaid skeleton (Crypt:5)
  7 fire drakes
  9 neqoxecs (Abyss)
  52 insubstantial wisps
  72 orc warriors
  3 phantoms
  5 sky beasts
  A polar bear zombie (Elf:1)
  2 cyclops skeletons
  A manticore skeleton (Crypt:1)
  4 red devils
  3 kobold demonologists
  A dwarf (shapeshifter) (Vault:8)
  14 giant goldfish
  5 tengu (Swamp:1)
  3 giant goldfish zombies (Coc:7)
  A hippogriff zombie (Crypt:2)
  12 small abominations
  18 swamp drakes
  A black bear (Port)
  A grizzly bear zombie (Crypt:4)
  A deep dwarf (Abyss)
  2 bumblebee zombies
  15 deep elf priests
  58 ogres
  A boring beetle (shapeshifter) (Vault:2)
  The ghost of Ghoradinn the Skirmisher, an average DsFi (D:3)
  4 lava worms
  A queen bee zombie (Crypt:3)
  A rock worm zombie (D:14)
  4 wolves
  A giant goldfish skeleton (Coc:7)
  A hippogriff skeleton (Crypt:2)
  A yak skeleton (Elf:1)
  63 nagas
  13 crocodiles
  A wolf (shapeshifter) (D:17)
  24 centaurs
  A centaur zombie (Crypt:3)
  9 giant slugs
  7 rotting devils
  6 big kobolds
  2 boring beetles
  3 boulder beetle zombies
  2 centaurs (shapeshifter)
  A tarantella zombie (Coc:3)
  2 war dog zombies
  A brain worm (D:15)
  A wolf zombie (Coc:5)
  13 wargs
  14 deep elf magi
  2 two-headed ogre zombies
  A wolf skeleton (Crypt:5)
  23 giant frogs
  A silver statue (Elf:3)
  5 giant leeches
  2 gnoll sergeants
  6 agate snails
  A giant frog zombie (Crypt:1)
  A yellow wasp zombie (Crypt:4)
  Blork the orc (D:7)
  A warg zombie (Crypt:4)
  A centaur skeleton (D:24)
  A basilisk zombie (Crypt:5)
  59 water moccasins
  A black bear skeleton (Crypt:1)
  A warg skeleton (Crypt:5)
  2 lava fish (Hell)
  2 slaves
  A water moccasin skeleton (D:27)
  3 basilisk skeletons
  2 boulder beetles (shapeshifter)
  20 killer bees
  10 boulder beetles
  A giant goldfish simulacrum (Coc:7)
  5 elves (shapeshifter)
  An eye of draining (D:9)
  18 jellyfish
  4 killer bee zombies
  39 wights
  2 felid zombies
  2 brain worm zombies
  2 ogre zombies (D:26)
  A deep dwarf zombie (Crypt:3)
  A dwarf zombie (Crypt:4)
  4 electric eels (D:16)
  7 quasits
  A big kobold zombie (Crypt:4)
  A dwarf skeleton (Crypt:3)
  8 elf zombies
  A human skeleton (Coc:3)
  A demigod zombie (Crypt:1)
  A felid skeleton (Coc:5)
  2 mottled dragon skeletons
  2 big kobold skeletons
  16 crimson imps
  2 deep dwarf skeletons
  17 shadows
  A basilisk simulacrum (Vault:1)
  A spider zombie (Coc:3)
  Crazy Yiuf (D:3)
  4 big fish
  A naga zombie (Snake:5)
  A hound zombie (D:7)
  15 hounds
  16 iron imps
  32 orc priests
  15 worker ants
  2 hound skeletons
  5 scorpions
  39 deep elf soldiers
  8 iguanas
  14 porcupines
  2 orange rat skeletons
  44 orc wizards
  3 worker ant zombies
  5 orange rat zombies
  A swamp drake skeleton (Crypt:3)
  A steam dragon skeleton (Crypt:2)
  A boggart (shapeshifter) (Vault:8)
  11 sheep
  4 goliath beetles
  17 jellies
  14 boggarts
  An elf skeleton (Coc:7)
  15 mummies
  68 flying skulls
  8 giant centipedes
  A giant centipede zombie (Crypt:3)
  16 gnolls
  16 midges
  2 adder zombies
  An iguana skeleton (D:27)
  2 iguana zombies
  12 lemures
  A porcupine zombie (Crypt:5)
  7 shadow imps
  75 adders
  2 sheep skeletons
  67 green rats
  2 porcupine skeletons
  33 white imps
  51 ufetubi
  7 worms
  4 giant eyeballs
  7 giant geckos
  A green rat zombie (Coc:3)
  7 oozes
  202 orcs
  7 giant cockroaches
  19 goblins
  A grey rat (Crypt:2)
  26 hobgoblins
  24 jackals
  12 quokkas
  6 ball pythons
  2 ball python skeletons
  44 bats
  3 giant cockroach zombies
  3 giant gecko skeletons
  2 giant gecko zombies
  10 giant newts
  3 giant newt skeletons
  2 giant spores
  A goblin zombie (Crypt:5)
  A grey rat skeleton (Coc:4)
  A grey rat zombie (Crypt:1)
  A hobgoblin skeleton (Crypt:3)
  A hobgoblin zombie (Coc:4)
  An illusory rakshasa (D:14)
  A killer bee larva zombie (Crypt:5)
  34 kobolds
  2 kobold zombies
  10 orc skeletons
  4 orc zombies
  2 quokka skeletons
  A quokka zombie (Crypt:4)
  30 rats
  A rat skeleton (D:23)
  3 ballistomycetes
  A bush (Lair:1)
  13 butterflies
  10 crawling corpses
  8 fungi
  23 plants
  93 toadstools
4304 creatures vanquished.

Vanquished Creatures (collateral kills)
  Antaeus (Coc:7)
  An ancient lich (Zot:5)
  Boris (D:26)
  A Killer Klown (Zot:5)
  Geryon (Hell)
  2 storm dragons
  A draconian knight (Zot:5)
  An iron dragon (Vault:8)
  Wiglaf (D:23)
  2 stone giants
  A draconian annihilator (Port)
  2 green draconians
  A deep elf death mage (Vault:8)
  A yellow draconian (Zot:2)
  A red draconian (Zot:3)
  2 pale draconians
  A yaktaur captain (Vault:8)
  A titan skeleton (D:27)
  An iron dragon skeleton (D:27)
  A deep troll (D:27)
  A catoblepas (Port)
  A hell knight (D:26)
  A giant orange brain (shapeshifter) (Vault:8)
  8 skeletal warriors
  A pale draconian zombie (Crypt:3)
  A green draconian skeleton (Port)
  An orc knight (Vault:8)
  An alligator snapping turtle skeleton (Crypt:4)
  A death drake zombie (Crypt:4)
  A purple draconian skeleton (Crypt:4)
  2 human zombies (Vault:8)
  An ice dragon zombie (Coc:4)
  An ettin zombie (Crypt:5)
  A fire crab (D:23)
  A yaktaur (D:27)
  A wandering mushroom (Zot:3)
  A two-headed ogre (D:27)
  A wraith (Crypt:2)
  A hungry ghost (Port)
  A water elemental (Coc:5)
  A fire drake skeleton (Crypt:4)
  A wyvern zombie (Crypt:1)
  2 ice beasts (Coc:4)
  A necrophage (Crypt:5)
  An ogre (D:26)
  A warg (D:25)
  A giant slug (Port)
  A war dog skeleton (Crypt:1)
  An agate snail (Port)
  A basilisk skeleton (D:27)
  2 jellyfish (Coc:7)
  A wight (Coc:7)
  A brain worm zombie (Crypt:2)
  2 crimson imps
  4 iron imps
  A lava snake (Hell)
  2 shadows
  An orange rat zombie (Hell)
  A steam dragon skeleton (Crypt:2)
  3 mummies
  A boggart (D:27)
  A flying skull (Coc:3)
  3 lemures
  3 shadow imps
  2 white imps
  4 ufetubi (Abyss)
  A bat zombie (Crypt:4)
  3 orcs (Vault:8)
  A kobold (D:26)
  A giant gecko zombie (Crypt:1)
  5 crawling corpses
106 creatures vanquished.

Vanquished Creatures (others)
  2 eldritch tentacles
  A hydra (Swamp:5)
  An alligator (Swamp:2)
  A skeletal warrior (Hell)
  A sea snake zombie (Crypt:1)
  2 human zombies (Vault:8)
  15 slime creatures
  2 ugly things
  A baby alligator (Swamp:2)
  A blink frog skeleton (D:27)
  A neqoxec (Abyss)
  A deep elf conjurer (Elf:5)
  513 fire vortices
  A slave (D:7)
  An orc warrior (Vault:7)
  3 centaurs
  A crocodile (Swamp:5)
  4 ogres
  2 nagas (Snake:5)
  An elf zombie (Elf:4)
  A water moccasin (Snake:3)
  A basilisk skeleton (D:27)
  A giant frog (D:21)
  A giant goldfish simulacrum (Coc:7)
  A wight (Abyss)
  5 crimson imps
  10 quasits
  A hound skeleton (Crypt:3)
  10 iron imps
  A worker ant (D:13)
  An orc wizard (Vault:6)
  A deep elf soldier (Elf:5)
  An orange rat skeleton (Crypt:1)
  11 lemures
  4 midges
  7 shadow imps
  An adder (Snake:5)
  5 white imps
  11 ufetubi
  4 orcs
  A hobgoblin (Orc:4)
  A kobold (D:13)
  A giant gecko (D:13)
  A giant newt (D:14)
  A goblin (D:13)
  A hobgoblin skeleton (Crypt:1)
  A jackal (D:4)
  2 orc skeletons
  A quokka (Lair:1)
  A rat (D:2)
  7 butterflies
  2 crawling corpses (Vault:8)
  95 eldritch tentacle segments
  6 fungi
  7 plants
  20 tentacle segments (Coc:6)
  486 toadstools
1267 creatures vanquished.

Grand Total: 5677 creatures vanquished

Notes
Turn   | Place    | Note
--------------------------------------------------------------
     0 | D:1      | Porter, the Kobold Fire Elementalist, began the quest for the Orb.
     0 | D:1      | Reached XP level 1. HP: 10/10 MP: 3/3
    34 | D:1      | Reached skill level 1 in Conjurations
   179 | D:1      | Reached XP level 2. HP: 12/15 MP: 0/4
   538 | D:1      | Learned a level 2 spell: Throw Flame
  1084 | D:2      | Reached XP level 3. HP: 19/19 MP: 0/6
  1269 | D:2      | Found a glowing silver altar of Zin.
  2035 | D:3      | Noticed Ghoradinn's ghost (average DsFi)
  2151 | D:3      | Noticed Grinder
  2250 | D:3      | Reached skill level 1 in Stabbing
  2371 | D:3      | Reached XP level 4. HP: 24/24 MP: 2/8
  3094 | D:3      | Reached skill level 4 in Fire Magic
  3094 | D:3      | Reached XP level 5. HP: 22/28 MP: 2/9
  3699 | D:4      | Reached skill level 1 in Short Blades
  3955 | D:4      | Reached XP level 6. HP: 8/32 MP: 2/12
  4256 | D:5      | Entered Level 5 of the Dungeon
  4509 | D:5      | Reached skill level 5 in Dodging
  4784 | D:5      | Reached XP level 7. HP: 34/36 MP: 7/14
  5237 | D:4      | Found a shimmering altar of Xom.
  5329 | D:4      | Found a deep blue altar of Sif Muna.
  5900 | D:3      | Gained mutation: You have a slow metabolism.
  5900 | D:3      | Gained mutation: You are surrounded by a mild repulsion field (EV +2).
  5900 | D:3      | Gained mutation: Your muscles are strong, but stiff (Str +1, Dex -1).
  5904 | D:3      | Noticed Crazy Yiuf
  5910 | D:3      | Killed Crazy Yiuf
  5977 | D:3      | Paralysed by Grinder for 4 turns
  6299 | D:3      | Noticed Grinder
  6299 | D:3      | Grinder changed into Grinder the iron imp
  6538 | D:5      | Learned a level 4 spell: Sticky Flame
  6545 | D:5      | Reached skill level 1 in Traps & Doors
  6972 | D:5      | Found Osho's Antique Armour Shop.
  6981 | D:5      | Bought a distressingly furry robe for 148 gold pieces
  6989 | D:5      | Identified the +2 robe of the Elven Halls (You bought it in a shop on level 5 of the Dungeon)
  7235 | D:6      | Found Trezem's Armour Boutique.
  7241 | D:6      | Reached skill level 5 in Fire Magic
  7241 | D:6      | Reached XP level 8. HP: 41/41 MP: 4/18
  7336 | D:6      | Bought a +0 elven cloak of darkness for 106 gold pieces
  7503 | D:6      | Reached skill level 1 in Evocations
  7621 | D:6      | Noticed hihot's ghost (average SpAs)
  7646 | D:6      | Killed hihot's ghost
  8096 | D:7      | Noticed Pikel
  8098 | D:7      | Noticed Eustachio
  8459 | D:6      | Killed Pikel
  8459 | D:6      | Reached skill level 6 in Dodging
  8459 | D:6      | Reached skill level 5 in Conjurations
  8459 | D:6      | Reached XP level 9. HP: 38/45 MP: 1/20
  8630 | D:7      | Your ally freed slave died
  8668 | D:7      | Killed Eustachio
  8775 | D:7      | Noticed ssance's ghost (experienced DsSt)
  8958 | D:7      | Learned a level 3 spell: Conjure Flame
  9069 | D:7      | Found Wockoumn's Food Boutique.
  9104 | D:8      | Found a burning altar of Makhleb.
  9150 | D:8      | Reached skill level 5 in Spellcasting
  9441 | D:8      | Reached skill level 1 in Crossbows
  9881 | D:9      | Noticed a wolf spider zombie
  9899 | D:8      | Reached skill level 1 in Fighting
 10437 | D:8      | Found a staircase to the Orcish Mines.
 10509 | D:8      | Reached XP level 10. HP: 46/52 MP: 5/21
 10826 | D:8      | Found Eseajoy's Book Shop.
 11024 | D:9      | Noticed a wyvern zombie
 11041 | D:9      | Killed a wyvern zombie
 11362 | D:9      | Reached skill level 5 in Evocations
 11410 | D:9      | Killed a wolf spider zombie
 11524 | D:9      | Reached skill level 7 in Conjurations
 11585 | D:9      | Learned a level 5 spell: Fireball
 11589 | D:9      | Learned a level 3 spell: Inner Flame
 12066 | D:9      | Noticed Joseph
 12860 | D:9      | Found a white marble altar of Elyvilon.
 13008 | D:9      | Killed Joseph
 13008 | D:9      | Reached skill level 8 in Fire Magic
 13246 | D:10     | Entered Level 10 of the Dungeon
 13351 | D:7      | Found a staircase to the Ecumenical Temple.
 13499 | D:7      | Killed ssance's ghost
 13499 | D:7      | Reached XP level 11. HP: 38/56 MP: 0/24
 13648 | Temple   | Entered the Ecumenical Temple
 13752 | Temple   | Became a worshipper of Vehumet
 13890 | D:3      | Killed Ghoradinn's ghost
 14488 | D:3      | Killed Grinder the iron imp
 14639 | Orc:1    | Entered Level 1 of the Orcish Mines
 14639 | Orc:1    | Noticed Maurice
 14742 | Orc:1    | Killed Maurice
 15080 | Orc:1    | Reached skill level 9 in Fire Magic
 15081 | Orc:1    | Acquired Vehumet's first power
 15600 | Orc:2    | Found a shimmering altar of Xom.
 16141 | Orc:3    | Acquired Vehumet's second power
 16589 | Orc:3    | Found a staircase to the Elven Halls.
 16597 | Orc:3    | Noticed a two-headed ogre
 16615 | Orc:3    | Killed a two-headed ogre
 16880 | Orc:4    | Entered Level 4 of the Orcish Mines
 16880 | Orc:4    | Noticed an iron troll
 16995 | Orc:3    | You fall through a shaft!
 17239 | Orc:4    | Acquired Vehumet's third power
 17346 | Orc:4    | Reached skill level 1 in Hexes
 18303 | Elf:1    | Entered Level 1 of the Elven Halls
 18409 | D:10     | Paralysed by a giant eyeball for 2 turns
 18418 | D:10     | Paralysed by a giant eyeball for 4 turns
 18679 | D:10     | Found a staircase to the Lair.
 19349 | D:11     | Reached skill level 10 in Fire Magic
 19356 | D:11     | Acquired Vehumet's fourth power
 19547 | Lair:1   | Entered Level 1 of the Lair of Beasts
 19820 | Lair:1   | Found a deep blue altar of Sif Muna.
 20071 | Lair:1   | Noticed Erica
 20569 | D:10     | Reached XP level 12. HP: 61/61 MP: 19/27
 20957 | D:10     | Noticed Urug
 20970 | D:10     | Killed Urug
 22378 | D:10     | LAIR BAD
 22859 | D:11     | Reached skill level 11 in Fire Magic
 23050 | D:12     | HP: 2/61 [you] (20)]
 23052 | D:12     | Reached skill level 1 in Throwing
 23357 | D:12     | Noticed Sonja
 23606 | D:12     | Killed Sonja
 23990 | D:12     | Reached skill level 10 in Conjurations
 25302 | D:12     | Reached skill level 12 in Fire Magic
 25613 | D:13     | Reached XP level 13. HP: 65/65 MP: 18/28
 26453 | D:14     | Entered Level 14 of the Dungeon
 27175 | D:14     | Noticed a fire elemental
 27178 | D:14     | Noticed Azrael
 27179 | D:14     | Killed a fire elemental
 27180 | D:14     | Noticed a fire elemental
 27180 | D:14     | Noticed a fire elemental
 27195 | D:13     | D14 Azreal, need rf
 27312 | Lair:1   | Killed Erica
 27868 | Lair:1   | Found a radiant altar of Vehumet.
 29020 | Lair:2   | Gained mutation: You are agile (Dex +1).
 29210 | Lair:2   | Reached skill level 13 in Fire Magic
 29681 | Lair:2   | Found a dark tunnel.
 29690 | Volcano  | Entered a volcano
 30408 | Lair:3   | Received a gift from Vehumet
 30414 | Lair:3   | Learned a level 3 spell: Mephitic Cloud
 31103 | Lair:5   | Found a staircase to the Snake Pit.
 31261 | Lair:5   | Found a staircase to the Swamp.
 31518 | Lair:5   | Reached skill level 10 in Spellcasting
 32099 | Lair:6   | Gained mutation: Your vision is a little blurry.
 32402 | Lair:6   | Reached XP level 14. HP: 46/71 MP: 13/30
 32689 | Lair:6   | You fall through a shaft!
 32689 | Lair:8   | Entered Level 8 of the Lair of Beasts
 32701 | Lair:8   | Found a viscous altar of Jiyva.
 32702 | Lair:8   | Found a staircase to the Slime Pits.
 32716 | Lair:8   | Reached skill level 10 in Evocations
 32773 | Lair:8   | Reached skill level 14 in Fire Magic
 35155 | Lair:7   | Got a fine garnet amulet
 35157 | Lair:7   | Identified the amulet "Iczo" (You found it on level 7 of the Lair of Beasts)
 35598 | Lair:7   | Reached skill level 15 in Fire Magic
 35629 | Lair:7   | Received a gift from Vehumet
 35636 | Lair:7   | Learned a level 4 spell: Iskenderun's Mystic Blast
 36401 | Lair:6   | Learned a level 1 spell: Summon Butterflies
 37422 | Lair:8   | Reached skill level 1 in Summonings
 37533 | Lair:8   | Ate 3 elephants
 37665 | Lair:8   | Reached skill level 1 in Air Magic
 38016 | Lair:8   | Reached skill level 5 in Crossbows
 38021 | Lair:8   | Reached XP level 15. HP: 58/75 MP: 5/33
 38106 | Lair:8   | Got an ancient bone ring
 38109 | Lair:8   | Identified the ring "Wuadetia" {Dex+4 Int+3} (You found it on level 8 of the Lair of Beasts)
 38781 | Temple   | Learned a level 1 spell: Apportation
 38879 | D:7      | Found a blossoming altar of Fedhas.
 38886 | D:7      | Noticed Blork the orc
 38890 | D:7      | Killed Blork the orc
 38966 | D:7      | Found an ancient bone altar of Kikubaaqudgha.
 39290 | D:14     | Identified a scroll of acquirement
 39619 | D:14     | Got a crude lapis lazuli ring
 39654 | D:13     | Identified the cursed ring "Yrghuveu" {Str+5 Int+4} (You found it on level 14 of the Dungeon)
 39864 | Swamp:1  | Entered Level 1 of the Swamp
 40935 | Swamp:1  | Reached skill level 16 in Fire Magic
 41510 | Swamp:2  | Paralysed by a red wasp for 2 turns
 41839 | Swamp:2  | Noticed Roxanne
 43143 | Swamp:2  | Reached skill level 1 in Poison Magic
 43515 | Swamp:3  | Noticed Mara
 43879 | Swamp:3  | Reached XP level 16. HP: 80/80 MP: 27/34
 44113 | Swamp:3  | Reached skill level 5 in Stealth
 44723 | Swamp:3  | Noticed Porter's illusion
 44724 | Swamp:3  | Killed Mara
 44919 | Swamp:3  | Gained mutation: You occasionally shout uncontrollably.
 45052 | Swamp:3  | Reached skill level 17 in Fire Magic
 46224 | Swamp:5  | Entered Level 5 of the Swamp
 47058 | Swamp:4  | Reached skill level 10 in Dodging
 47881 | Orc:4    | Noticed a two-headed ogre
 47890 | Orc:4    | Killed a two-headed ogre
 47951 | Orc:4    | Killed an iron troll
 48097 | Orc:4    | Noticed an orc high priest
 48097 | Orc:4    | Killed an orc high priest
 48104 | Orc:4    | Noticed an orc high priest
 48271 | Orc:4    | Killed an orc high priest
 48674 | Orc:4    | Noticed an orc warlord
 48690 | Orc:4    | Killed an orc warlord
 48690 | Orc:4    | Reached XP level 17. HP: 44/84 MP: 24/36
 48703 | Orc:4    | Received a gift from Vehumet
 48740 | Orc:4    | Learned a level 7 spell: Orb of Destruction
 48854 | Orc:4    | Noticed an orc high priest
 48858 | Orc:4    | Killed an orc high priest
 48955 | Orc:4    | Noticed an orc high priest
 48956 | Orc:4    | Killed an orc high priest
 49284 | Orc:4    | Found Pnanakun's Antique Armour Boutique.
 49285 | Orc:4    | Found Amoerol's Antique Weapon Shop.
 49286 | Orc:4    | Found Maolaoch's General Store.
 49286 | Orc:4    | Found Hajourude's Jewellery Boutique.
 49300 | Orc:4    | Bought a glowing helmet for 62 gold pieces
 49366 | Orc:4    | Bought the cursed +0,-1 crossbow "Plog" {penet, rPois rC+} for 235 gold pieces
 50369 | Swamp:5  | Reached skill level 18 in Fire Magic
 51319 | Swamp:5  | Got a decaying rune of Zot
 52024 | Snake:1  | Entered Level 1 of the Snake Pit
 52236 | Snake:1  | Found Frecath Izop's General Store.
 52389 | Snake:1  | Gained mutation: You have a slow metabolism.
 52612 | Snake:1  | Found Threkk Iczema's Book Emporium.
 52708 | Snake:1  | Found Hatut's Antique Weapon Boutique.
 52844 | Snake:1  | Found Stailask's Antique Weapon Shoppe.
 52931 | Snake:1  | Found Shye's Distillery.
 53132 | Snake:2  | Noticed Norris
 53143 | Snake:2  | Killed Norris
 53363 | Snake:2  | Reached XP level 18. HP: 89/89 MP: 26/37
 53633 | Snake:3  | Noticed Kirke
 53668 | Snake:3  | Killed Kirke
 54368 | Snake:3  | Lost mutation: You are agile (Dex +1).
 54368 | Snake:3  | Gained mutation: You can control translocations.
 54646 | Snake:3  | Noticed Louise
 54665 | Snake:3  | Killed Louise
 54897 | Snake:4  | Found a white marble altar of Elyvilon.
 54978 | Snake:4  | Noticed Rupert
 54986 | Snake:4  | Killed Rupert
 55655 | Snake:5  | Entered Level 5 of the Snake Pit
 55920 | Snake:5  | Received a gift from Vehumet
 55937 | Snake:5  | Reached skill level 19 in Fire Magic
 56733 | Snake:5  | Noticed Frederick
 56812 | Snake:5  | Killed Frederick
 56812 | Snake:5  | Reached skill level 15 in Conjurations
 57432 | Snake:5  | Reached XP level 19. HP: 45/93 MP: 22/38
 57665 | Snake:5  | Learned a level 2 spell: Call Imp
 57763 | Snake:5  | Got a serpentine rune of Zot
 58336 | Snake:4  | Noticed Frances
 58357 | Snake:4  | Killed Frances
 60112 | D:14     | Learned a level 2 spell: Swiftness
 60115 | D:14     | Learned a level 2 spell: Repel Missiles
 60288 | D:14     | Killed a fire elemental
 60295 | D:14     | Killed Azrael
 60331 | D:14     | Killed a fire elemental
 60401 | D:15     | Entered Level 15 of the Dungeon
 61280 | D:15     | Got a vibrating cloak
 61284 | D:15     | Identified the +3 cloak of Flash (You acquired it on level 15 of the Dungeon)
 61534 | D:15     | Noticed Agnes
 61556 | D:15     | Killed Agnes
 61681 | D:15     | Found a portal to a secret trove of treasure.
 61926 | D:8      | Bought a manual of Axes for 1380 gold pieces 62219
                  | trove
                  | Entered a treasure trove 62313
                  | trove
                  | Got a jade ring 62315
                  | trove
                  | Got a smoking bronze amulet
 62414 | D:15     | Identified the amulet of Focee (You found it in a treasure trove)
 62414 | D:15     | Identified the ring of Shaolin (You found it in a treasure trove)
 63014 | D:16     | Noticed a guardian serpent
 63016 | D:16     | Killed a guardian serpent
 64012 | D:17     | Noticed a yaktaur captain
 64015 | D:17     | Reached skill level 15 in Spellcasting
 64016 | D:17     | Noticed a yaktaur captain
 64052 | D:17     | Killed a yaktaur captain
 64057 | D:17     | Killed a yaktaur captain
 64058 | D:17     | Received a gift from Vehumet
 64104 | D:17     | Found a labyrinth entrance.
 64113 | Lab      | Entered a Labyrinth
 64897 | Lab      | Got a smoking amber ring
 65188 | D:17     | Found a staircase to the Vaults.
 65356 | D:17     | Identified the ring of the Hare (You found it in a Labyrinth)
 65599 | D:17     | Found a gateway to a bazaar. 65609
                  | bazaar
                  | Entered a bazaar 65609
                  | bazaar
                  | Found Hiliozuw's Antique Armour Shop. 65609
                  | bazaar
                  | Found Miruecig's Armour Boutique. 65609
                  | bazaar
                  | Found Hitauk's Antique Weapon Shop. 65615
                  | bazaar
                  | Bought a bloodstained crossbow for 172 gold pieces 65616
                  | bazaar
                  | Identified the cursed crossbow of Equivalence {flame, Dex+4 Stlth++} (You bought it in a shop in a bazaar) 65621
                  | bazaar
                  | Bought a pair of distressingly furry boots for 130 gold pieces 65626
                  | bazaar
                  | Identified the cursed -1 pair of boots "Ghiffupp" (You bought it in a shop in a bazaar)
 66002 | D:17     | Noticed a yaktaur captain
 66118 | D:17     | Reached XP level 20. HP: 81/98 MP: 13/39
 66436 | D:17     | Noticed a guardian serpent
 66436 | D:17     | a guardian serpent changed into an elf
 66791 | D:17     | Noticed a glowing shapeshifter
 66791 | D:17     | a hill giant changed into a glowing shapeshifter
 66792 | D:17     | a glowing shapeshifter changed into a merfolk
 66877 | D:17     | Reached skill level 20 in Fire Magic
 66884 | D:17     | Noticed a stone giant
 66884 | D:17     | Noticed a frost giant
 66884 | D:17     | a stone giant changed into a frost giant
 66887 | D:17     | Noticed a stone giant
 66887 | D:17     | a frost giant changed into a stone giant
 66890 | D:17     | Noticed a frost giant
 66890 | D:17     | a stone giant changed into a frost giant
 66891 | D:17     | Noticed a stone giant
 66891 | D:17     | a frost giant changed into a stone giant
 66892 | D:17     | a stone giant changed into a dire elephant
 66896 | D:17     | Noticed a stone giant
 66896 | D:17     | a dire elephant changed into a stone giant
 66898 | D:17     | Noticed a quicksilver dragon
 66898 | D:17     | a stone giant changed into a quicksilver dragon
 66899 | D:17     | Noticed a frost giant
 66899 | D:17     | a quicksilver dragon changed into a frost giant
 66907 | D:17     | Noticed a shadow dragon
 66907 | D:17     | a frost giant changed into a shadow dragon
 66909 | D:17     | Noticed a stone giant
 66909 | D:17     | a shadow dragon changed into a stone giant
 66915 | D:17     | a stone giant changed into an alligator snapping turtle
 66918 | D:17     | Noticed a fire giant
 66918 | D:17     | an alligator snapping turtle changed into a fire giant
 66920 | D:17     | Noticed a frost giant
 66920 | D:17     | a fire giant changed into a frost giant
 66921 | D:17     | a frost giant changed into a sphinx
 66927 | D:17     | Noticed a stone giant
 66927 | D:17     | a sphinx changed into a stone giant
 66929 | D:17     | Noticed a frost giant
 66929 | D:17     | a stone giant changed into a frost giant
 66931 | D:17     | a frost giant changed into an alligator snapping turtle
 67074 | D:17     | Noticed a yaktaur captain
 67150 | D:17     | Killed a yaktaur captain
 67264 | D:17     | Killed a yaktaur captain
 67871 | D:18     | Reached skill level 5 in Hexes
 68089 | D:18     | Noticed a bone dragon
 68260 | D:18     | Killed a bone dragon
 68976 | D:18     | Noticed a hell knight
 68980 | D:18     | Killed a hell knight
 69573 | D:18     | Received a gift from Vehumet
 71356 | Elf:1    | Noticed Gastronok
 71386 | Elf:1    | Killed Gastronok
 71497 | Elf:1    | Noticed Josephine
 71498 | Elf:1    | Killed Josephine
 71924 | Elf:1    | Noticed Jozef
 71928 | Elf:1    | Killed Jozef
 72765 | Elf:2    | Reached XP level 21. HP: 94/103 MP: 20/40
 72920 | Elf:2    | Found Clajug's Armour Boutique.
 72926 | Elf:2    | Clajug's Armour Boutique was a mimic.
 73801 | Elf:3    | Got an iridescent short sword
 73805 | Elf:3    | Identified the short sword of the Eternal Warrior {freeze, Int+2} (You found it on level 3 of the Elven Halls)
 73898 | Elf:4    | Noticed Nessos
 73901 | Elf:4    | Killed Nessos
 73911 | Elf:4    | Got a warped robe
 73935 | Elf:3    | Identified the cursed +0 robe "Oppuox" (You found it on level 4 of the Elven Halls)
 74168 | Elf:4    | Reached skill level 1 in Charms
 74777 | Elf:4    | Reached skill level 1 in Translocations
 75035 | Elf:5    | Entered Level 5 of the Elven Halls
 75213 | Elf:5    | Noticed a deep elf blademaster
 75217 | Elf:5    | Noticed a deep elf master archer
 75217 | Elf:5    | Noticed a deep elf master archer
 75218 | Elf:5    | Noticed a deep elf blademaster
 75220 | Elf:5    | Killed a deep elf blademaster
 75230 | Elf:5    | Noticed a deep elf blademaster
 75231 | Elf:5    | Killed a deep elf blademaster
 75235 | Elf:5    | Noticed a deep elf master archer
 75408 | Elf:5    | Killed a deep elf master archer
 75592 | Elf:5    | Killed a deep elf master archer
 75976 | Elf:5    | You are cast into the Abyss!
 75976 | Elf:5    | Cast into the Abyss (deep elf sorcerer)
 75976 | Abyss    | Entered The Abyss
 76275 | Abyss    | Found a corrupted altar of Lugonu.
 76276 | Abyss    | Found a corrupted altar of Lugonu.
 76823 | Abyss    | Noticed a brown ugly thing
 76824 | Abyss    | Noticed a brown ugly thing
 76825 | Abyss    | Noticed a brown ugly thing
 76956 | Elf:5    | You pass through the gate.
 77610 | Elf:5    | Killed a deep elf blademaster
 77619 | Elf:5    | Killed a deep elf master archer
 77928 | Elf:5    | Noticed a deep elf master archer
 77944 | Elf:5    | Killed a deep elf master archer
 77944 | Elf:5    | Reached skill level 5 in Summonings
 77957 | Elf:5    | Noticed a deep elf blademaster
 77960 | Elf:5    | Killed a deep elf blademaster
 77960 | Elf:5    | Reached XP level 22. HP: 102/108 MP: 25/41
 78073 | Elf:5    | Reached XP level 21. HP: 71/103 MP: 1/40
 78206 | Elf:5    | Reached XP level 22. HP: 108/108 MP: 21/41
 78557 | Elf:5    | Reached skill level 21 in Fire Magic
 78721 | Elf:5    | Got a levitating book
 78722 | Elf:5    | Identified Smoganna's Volume of Floating Damage Dealing (You found it on level 5 of the Elven Halls)
 78747 | Elf:5    | Noticed a deep elf master archer
 78753 | Elf:5    | Killed a deep elf master archer
 78755 | Elf:5    | Noticed a deep elf blademaster
 78780 | Elf:5    | Killed a deep elf blademaster
 78894 | Elf:5    | Noticed a deep elf blademaster
 78899 | Elf:5    | Killed a deep elf blademaster
 78961 | Elf:5    | Got a glittering glass ring
 79133 | Elf:5    | Got a transparent garnet amulet
 79152 | Elf:5    | Got a black book
 79161 | Elf:5    | Identified the Papyrus of the Three Demons (You found it on level 5 of the Elven Halls)
 79167 | Elf:5    | Got a motley cloak
 79240 | Elf:5    | Identified the +1 ratskin cloak (You found it on level 5 of the Elven Halls)
 79306 | Elf:5    | Got an ichor-stained sling
 79312 | Elf:5    | Got a slimy sling
 79315 | Elf:5    | Identified the sling of Froas {speed, +Blink rElec rN+ MR Dex+3} (You found it on level 5 of the Elven Halls)
 79476 | Elf:5    | Got a yellowed book
 79477 | Elf:5    | Identified Nikola's Volume of Excruciating Air (You found it on level 5 of the Elven Halls)
 79747 | Temple   | Learned a level 6 spell: Demonic Horde
 79761 | Temple   | Learned a level 9 spell: Fire Storm
 79778 | Temple   | Reached skill level 1 in Staves
 79778 | Temple   | Reached XP level 23. HP: 112/112 MP: 41/41
 79782 | Temple   | Learned a level 2 spell: Blink
 80049 | Vault:1  | Entered Level 1 of the Vaults
 80267 | Vault:1  | Noticed Aizul
 80274 | Vault:1  | Killed Aizul
 80751 | Vault:1  | Identified the ring of Noschyfu {Dex+3 Int+5} (You found it on level 5 of the Elven Halls)
 80904 | Vault:1  | Noticed Nikola
 80937 | Vault:1  | Killed Nikola
 81801 | Vault:2  | Got an encrusted sabre
 81802 | Vault:2  | Identified the sabre "Hulk" {freeze, +Lev rElec} (You found it on level 2 of the Vaults)
 82502 | Vault:3  | Identified a +4 rod of destruction [lightning,fireball,iron] (10/10) (You found it on level 3 of the Vaults)
 82768 | Vault:3  | Reached XP level 24. HP: 101/116 MP: 22/42
 83072 | Vault:3  | Found a staircase to the Crypt.
 83733 | Vault:4  | Noticed Margery
 83738 | Vault:4  | Killed Margery
 83962 | Vault:4  | Found a staircase to the Hall of Blades.
 85000 | Vault:5  | You fall through a shaft!
 85245 | Vault:6  | Identified a cursed +6 rod of destruction [ice] (12/12) (You found it on level 6 of the Vaults)
 86463 | Vault:6  | Noticed Saint Roka
 86869 | Vault:5  | Identified the amulet of Cuwac {+Inv} (You found it on level 5 of the Elven Halls)
 86910 | Vault:5  | Reached skill level 22 in Fire Magic
 87034 | Vault:5  | Found a magical portal.
 87044 | WizLab   | Entered Tukima's Studio
 87349 | WizLab   | Reached XP level 25. HP: 91/121 MP: 28/43
 88290 | Vault:6  | Killed Saint Roka
 89284 | Vault:7  | Gained mutation: You are weak (Str -1).
 89645 | Vault:7  | You are cast into the Abyss!
 89645 | Vault:7  | Cast into the Abyss (a Zot trap)
 89904 | Abyss    | Lost mutation: You have a slow metabolism.
 89904 | Abyss    | Lost mutation: You occasionally shout uncontrollably.
 89904 | Abyss    | Lost mutation: Your muscles are strong, but stiff (Str +1, Dex -1).
 89904 | Abyss    | Lost mutation: Your vision is a little blurry.
 89957 | Abyss    | Found a corrupted altar of Lugonu.
 90076 | Abyss    | Noticed a grey draconian simulacrum
 90082 | Abyss    | Killed a grey draconian simulacrum
 90126 | Abyss    | Found an iron altar of Okawaru.
 90413 | Abyss    | Noticed a deep dwarf necromancer
 90414 | Abyss    | Killed a deep dwarf necromancer
 90415 | Abyss    | Noticed a deep dwarf berserker
 90416 | Abyss    | Noticed a deep dwarf artificer
 90416 | Abyss    | Killed a deep dwarf artificer
 90418 | Abyss    | Noticed a deep dwarf
 90418 | Abyss    | Killed a deep dwarf berserker
 90419 | Abyss    | Killed a deep dwarf
 90436 | Abyss    | Noticed a shining eye
 90439 | Abyss    | Killed a shining eye
 90682 | Abyss    | Noticed an air elemental
 90683 | Abyss    | Killed an air elemental
 90694 | Abyss    | Gained mutation: Armour fits poorly on your strangely shaped body.
 90948 | Vault:7  | You pass through the gate.
 91518 | Temple   | Learned a level 4 spell: Alistair's Intoxication
 92039 | D:20     | Entered Level 20 of the Dungeon
 92059 | D:20     | Reached skill level 1 in Transmutations
 93164 | D:21     | Found a gateway to Hell.
 94020 | Vault:5  | Reached XP level 26. HP: 126/126 MP: 39/45
 94230 | Vault:8  | Entered Level 8 of the Vaults
 94260 | Vault:8  | Gained mutation: You are dopey (Int -1).
 94261 | Vault:8  | Noticed a quicksilver dragon
 94269 | Vault:8  | Noticed a deep elf death mage
 94274 | Vault:8  | Killed a deep elf death mage
 94723 | Vault:8  | Noticed a golden dragon
 94727 | Vault:8  | Killed a golden dragon
 94727 | Vault:8  | Reached XP level 27. HP: 96/130 MP: 15/45
 95001 | Vault:8  | Noticed a golden dragon
 95090 | Vault:8  | Killed a golden dragon
 95450 | Vault:8  | Killed a quicksilver dragon
 95760 | Vault:8  | Found Uzas Asu's Distillery.
 95767 | Vault:8  | Bought a potion of strong poison for 30 gold pieces
 96389 | Vault:8  | Noticed an iron dragon
 96393 | Vault:8  | Killed an iron dragon
 96655 | Vault:8  | Noticed a shining eye
 96656 | Vault:8  | Killed a shining eye
 97104 | Vault:8  | Reached skill level 23 in Fire Magic
 97157 | Vault:8  | Found Muapriuss' Antique Armour Emporium.
 97161 | Vault:8  | Bought an opalescent robe for 222 gold pieces
 97168 | Vault:8  | Identified the +5 robe of Wuitad (You bought it in a shop on level 8 of the Vaults)
 97207 | Vault:8  | Got a scintillating silver amulet
 97209 | Vault:8  | Identified the amulet "Twea" (You found it on level 8 of the Vaults)
 97563 | Vault:8  | Got a faintly glowing long sword
 97571 | Vault:8  | Got a vibrating marble ring
 97591 | Vault:8  | Got a silver rune of Zot
 97650 | Vault:8  | Identified the cursed long sword of the Saviour {freeze, rF+} (You found it on level 8 of the Vaults)
 97673 | Vault:8  | Got a smoking ring mail
 97855 | Vault:8  | Got an iridescent flail
 97866 | Vault:8  | Identified the +3 ring mail of Sif Muna's Fury (You found it on level 8 of the Vaults)
 97877 | Vault:8  | Identified the cursed flail of Greatest Utility {antimagic, +Lev rElec rF- rN+ Stlth--} (You found it on level 8 of the Vaults)
 98321 | Temple   | You are cast into the Abyss!
 98321 | Temple   | Cast into the Abyss (reading the Grand Grimoire)
 98510 | Temple   | You pass through the gate.
 98551 | Temple   | Learned a level 6 spell: Mass Abjuration
 98556 | Temple   | Learned a level 4 spell: Control Undead
 98594 | Temple   | Identified the ring "Vibyu" (You found it on level 8 of the Vaults)
 99181 | D:22     | Got a crude cloak
 99342 | Hell     | Entered the Vestibule of Hell
 99342 | Hell     | Noticed Geryon
 99350 | Hell     | Killed Geryon
 99826 | D:22     | Identified the cursed -4 cloak of Midsummer (You found it on level 22 of the Dungeon)
 99935 | D:22     | Found a viscous altar of Jiyva.
 99982 | D:22     | Found a gateway to a ziggurat.
 99992 | D:22     | You paid a toll of 3830 gold to enter a ziggurat.
 99992 | Zig:1    | Entered level 1 of a ziggurat
100012 | Zig:2    | Entered level 2 of a ziggurat
100031 | Zig:3    | Entered level 3 of a ziggurat
100071 | Zig:4    | Entered level 4 of a ziggurat
100096 | Zig:4    | Got a pitted platinum ring
100143 | Zig:5    | Entered level 5 of a ziggurat
100164 | Zig:5    | Got a brightly glowing hand axe
100166 | Zig:5    | Got a flickering steel ring
100180 | Zig:6    | Entered level 6 of a ziggurat
100224 | Zig:6    | Got a crude bronze ring
100245 | Zig:6    | Got a shimmering staff
100247 | Zig:6    | Identified the staff of the Candle {crush, +Blink Str+2} (You took it off a draconian annihilator on level 6 of a ziggurat)
100263 | Zig:7    | Entered level 7 of a ziggurat
100309 | Zig:7    | Got a torn book
100310 | Zig:7    | Identified Hyudebb's Compendium of Flight (You found it on level 7 of a ziggurat)
100316 | Zig:7    | Got a steaming troll leather armour
100326 | Zig:8    | Entered level 8 of a ziggurat
100385 | Zig:8    | Got an ichor-stained ring mail
100389 | Zig:8    | Identified a +7 rod of warding (11/11) (You took it off a centaur warrior on level 8 of a ziggurat)
100390 | Zig:8    | Identified the +7 troll leather armour "Buebo" (You took it off a merfolk on level 7 of a ziggurat)
100391 | Zig:8    | Identified the cursed +4 ring mail of the Labyrinth (You found it on level 8 of a ziggurat)
100419 | Zig:9    | Entered level 9 of a ziggurat
100432 | Zig:9    | Reached skill level 5 in Short Blades
100452 | Zig:9    | Got a pair of slimy gloves
100516 | Zig:10   | Entered level 10 of a ziggurat
100553 | Zig:10   | Got a blackened book
100555 | Zig:10   | Identified Pheupsea's Reference Book on the Entourage and Malediction (You found it on level 10 of a ziggurat)
100589 | Zig:10   | Learned a level 7 spell: Ring of Flames
100671 | Zig:11   | Entered level 11 of a ziggurat
100821 | Zig:11   | Got a dull robe
100873 | Zig:11   | Got a slimy wooden ring
100879 | Zig:12   | Entered level 12 of a ziggurat
101029 | Zig:12   | Learned a level 2 spell: Sublimation of Blood
101037 | Zig:12   | Got an ancient leather armour
101055 | Zig:12   | Got a blackened book
101056 | Zig:12   | Identified Sorcery, Part One (You found it on level 12 of a ziggurat)
101076 | Zig:12   | Identified the cursed +2 pair of gloves of Mnuix (You found it on level 9 of a ziggurat)
101101 | Zig:13   | Entered level 13 of a ziggurat
101122 | Zig:13   | Reached skill level 24 in Fire Magic
101174 | Zig:13   | Got an ancient steel ring
101205 | Zig:13   | Reached skill level 15 in Evocations
101266 | Zig:14   | Entered level 14 of a ziggurat
101373 | Zig:14   | Got a conspicuous book
101375 | Zig:14   | Got a levitating book
101376 | Zig:14   | Identified the Reference Book on Summoning (You found it on level 14 of a ziggurat)
101376 | Zig:14   | Identified the Handbook of the Kangaroo (You found it on level 14 of a ziggurat)
101460 | Zig:15   | Entered level 15 of a ziggurat
101553 | Zig:15   | Got a yellowed book
101976 | Temple   | Identified the cursed +0 robe of Rotation (You took it off a guardian mummy on level 11 of a ziggurat)
101981 | Temple   | Identified the Volume of the Puffin (You found it on level 15 of a ziggurat)
101985 | Temple   | Identified the ring of Hivoig {Str+4 Dex+2} (You found it on level 13 of a ziggurat)
102004 | Temple   | Identified the ring of Oqom {Str+5} (You found it on level 11 of a ziggurat)
102438 | D:21     | Reached skill level 1 in Armour
102854 | D:22     | Found a one-way gate to the infinite horrors of the Abyss.
103026 | D:23     | Found an ancient bone altar of Kikubaaqudgha.
103311 | D:23     | Noticed Boris
103314 | D:23     | Killed Boris
103330 | D:23     | Noticed Mennas
103347 | D:23     | Killed Mennas
103347 | D:23     | Reached skill level 25 in Fire Magic
103669 | D:23     | Noticed Wiglaf
103679 | D:23     | Killed Wiglaf
104318 | Hell     | Found a gateway to the decaying netherworld of Tartarus.
104604 | D:24     | Found Tamin's Assorted Antiques.
104677 | D:24     | Bought a scroll of identify for 62 gold pieces
104702 | D:24     | Noticed a crystal golem
104707 | D:24     | Killed a crystal golem
104853 | D:24     | Noticed a deep elf mage
104856 | D:24     | Killed a deep elf mage
104861 | D:24     | Noticed a deep elf priest
104863 | D:24     | Killed a deep elf priest
104968 | D:24     | Found a one-way gate leading to the halls of Pandemonium.
105592 | D:25     | Entered Level 25 of the Dungeon
105806 | D:25     | Found a flickering gateway to a bazaar. 105813
                  | bazaar
                  | Entered a bazaar 105817
                  | bazaar
                  | Found Huubbuf's Jewellery Boutique. 105835
                  | bazaar
                  | Found Gutant's General Store. 105840
                  | bazaar
                  | Bought a scroll of identify for 16 gold pieces 105853
                  | bazaar
                  | Found Luseazxy's Book Boutique. 105870
                  | bazaar
                  | Found Duischi Suih's Antique Weapon Emporium.
105948 | D:25     | Got a pair of bloodstained gloves
105953 | D:25     | Identified the +3 pair of gloves "Zilakk" (You acquired it on level 25 of the Dungeon)
106602 | D:26     | Noticed Boris
106603 | D:26     | Killed Boris
108147 | D:26     | Noticed an orc warlord
108149 | D:26     | Killed an orc warlord
108656 | D:27     | Entered Level 27 of the Dungeon
110198 | D:27     | Got a bloodstained hand axe
110237 | D:27     | Got a sparkling pewter ring
110243 | D:27     | Identified the ring "Thrucogaub" (You found it on level 27 of the Dungeon)
110317 | Zot:1    | Entered Level 1 of the Realm of Zot
110389 | Zot:1    | Paralysed by a Zot trap for 6 turns
110728 | Hell     | Found a gateway to the Iron City of Dis.
110890 | Hell     | Found a gateway to the freezing wastes of Cocytus.
110992 | Coc:1    | Entered Level 1 of Cocytus
111774 | Temple   | Lost mutation: You are weak (Str -1).
111777 | Temple   | Gained mutation: You are agile (Dex +1).
111778 | Temple   | Identified the ring "Ynuvuo Ziont" {Str+2} (You found it on level 6 of a ziggurat)
111790 | Temple   | Identified the ring "Binoloul" {Str-4 Int+3} (You found it on level 5 of a ziggurat)
111790 | Temple   | Identified the ring of Deipt (You found it on level 4 of a ziggurat)
111790 | Temple   | Identified the cursed -2,+0 hand axe of the Thing {vamp} (You took it off a yaktaur captain on level 27 of the Dungeon)
111808 | Temple   | Learned a level 3 spell: Passwall
112123 | Crypt:1  | Entered Level 1 of the Crypt
113568 | Crypt:1  | Reached skill level 26 in Fire Magic
113951 | Crypt:2  | Noticed a lich
114060 | Crypt:2  | Killed a lich
114685 | Crypt:2  | Noticed an ancient lich
114689 | Crypt:2  | Killed an ancient lich
114929 | Crypt:2  | Noticed a lich
114938 | Crypt:2  | Killed a lich
115294 | Crypt:2  | Got a conspicuous book
115295 | Crypt:2  | Identified the Volume of Supportive Black Magic (You found it on level 2 of the Crypt)
115300 | Crypt:2  | Got a rare book
115301 | Crypt:2  | Identified the Reference Book on Self-Knowledge (You found it on level 2 of the Crypt)
115471 | Crypt:2  | Noticed a small abomination
115475 | Crypt:2  | Killed a small abomination
115620 | Crypt:2  | Found a staircase to the Tomb.
115641 | Tomb:1   | Entered Level 1 of the Tomb of the Ancients
116320 | Crypt:3  | Noticed Donald
116322 | Crypt:3  | Killed Donald
116466 | Crypt:4  | Reached skill level 27 in Fire Magic
116935 | Crypt:4  | Noticed Khufu
116941 | Crypt:4  | Killed Khufu
118465 | Crypt:5  | Entered Level 5 of the Crypt
118840 | Crypt:5  | Noticed an ancient lich
118840 | Crypt:5  | Noticed a lich
118844 | Crypt:5  | Killed an ancient lich
118973 | Crypt:5  | Killed a lich
123495 | Coc:5    | Reached skill level 5 in Staves
124036 | Coc:7    | Entered Level 7 of Cocytus
124624 | Coc:7    | Noticed Antaeus
124637 | Coc:7    | Killed Antaeus
124666 | Coc:7    | Got an icy rune of Zot
124819 | Dis:1    | Entered Level 1 of the Iron City of Dis
124988 | Dis:1    | Noticed a Brimstone Fiend
124993 | Dis:1    | Killed a Brimstone Fiend
126206 | Zot:2    | Noticed an orb of fire
126216 | Zot:2    | Gained mutation: You occasionally shout uncontrollably.
126400 | Zot:2    | Killed an orb of fire
126665 | Zot:2    | Reached skill level 10 in Staves
127052 | Zot:2    | Gained mutation: You heal slowly.
127152 | Zot:2    | Gained mutation: Your magical capacity is low (-10% MP).
127172 | Zot:2    | Gained mutation: You are frail (-10% HP).
127277 | Zot:2    | Lost mutation: You heal slowly.
127277 | Zot:2    | Gained mutation: You passively map a small area around you.
127924 | Zot:3    | Noticed an orb of fire
128383 | Zot:3    | Got a pair of heavily runed boots
128384 | Zot:3    | Identified the cursed -2 pair of boots of Decompression (You found it on level 3 of the Realm of Zot)
128446 | Zot:3    | Killed an orb of fire
128753 | Zot:3    | Noticed an orb of fire
128761 | Zot:3    | Gained mutation: You tend to lose your temper in combat.
128761 | Zot:3    | Gained mutation: You sometimes yell uncontrollably.
128762 | Zot:3    | Gained mutation: You frequently scream uncontrollably.
128763 | Zot:3    | Killed an orb of fire
129289 | Zot:3    | Noticed an orb of fire
129295 | Zot:3    | Killed an orb of fire
129303 | Zot:3    | Reached skill level 27 in Spellcasting
129780 | Zot:3    | Noticed an orb of fire
129785 | Zot:3    | Killed an orb of fire
131092 | Zot:5    | Entered Level 5 of the Realm of Zot
131962 | Temple   | Learned a level 6 spell: Deflect Missiles
133329 | Zot:5    | Reached skill level 27 in Evocations
133368 | Zot:5    | Reached skill level 5 in Charms
133529 | Zot:5    | Reached skill level 5 in Air Magic
133993 | Zot:5    | Noticed an ancient lich
133999 | Zot:5    | Killed an ancient lich
134005 | Zot:5    | Noticed an orb of fire
134005 | Zot:5    | Lost mutation: You have a slow metabolism.
134011 | Zot:5    | Killed an ancient lich
134012 | Zot:5    | Killed an orb of fire
134012 | Zot:5    | Killed an ancient lich
134016 | Zot:5    | Noticed an orb of fire
134022 | Zot:5    | Reached skill level 15 in Dodging
134028 | Zot:5    | Killed an orb of fire
134266 | Zot:5    | Noticed an ancient lich
134267 | Zot:5    | Killed an ancient lich
134285 | Zot:5    | Noticed an orb of fire
134296 | Zot:5    | Killed an orb of fire
134304 | Zot:5    | Got the Orb of Zot
134356 | Zot:3    | Gained mutation: You have a fast metabolism.
134411 | Zot:1    | Lost mutation: You have a fast metabolism.
134411 | Zot:1    | Lost mutation: Your magical capacity is low (-10% MP).
134411 | Zot:1    | Lost mutation: You are dopey (Int -1).
134411 | Zot:1    | Lost mutation: You are agile (Dex +1).
134411 | Zot:1    | Lost mutation: You are frail (-10% HP).
134455 | D:27     | Gained mutation: You are clumsy (Dex -1).
134491 | D:26     | Noticed Vurrodd the pandemonium lord
134669 | D:22     | Noticed Counaibb the pandemonium lord
134669 | D:22     | Paralysed by Counaibb for 3 turns
135453 | D:$      | Escaped with the Orb!
